 Dungeon Crawl Stone Soup version 0.22.1-1-ga44c0e5 (webtiles) character file.

35 Tr0llz0r the Magician (level 3, 0/25 HPs)
             Began as a Gnoll Wanderer on Nov 2, 2018.
             Killed from afar by Natasha (6 damage)
             ... with a magic dart
             ... on level 2 of the Dungeon.
             The game lasted 00:04:20 (1635 turns).

Tr0llz0r the Magician (Gnoll Wanderer)              Turns: 1635, Time: 00:04:23

Health: 0/25       AC:  3    Str: 16    XL:     3   Next: 33%
Magic:  11/11      EV: 12    Int: 13    God:
Gold:   37         SH:  0    Dex: 14    Spells: 16/16 levels left

rFire    . . .     SeeInvis .   g - +0 whip
rCold    . . .     Gourm    .   (no shield)
rNeg     . . .     Faith    .   k - +0 leather armour
rPois    .         Spirit   .   (no helmet)
rElec    .         Reflect  .   (no cloak)
rCorr    .         Harm     .   (no gloves)
MR       .....                  (no boots)
Stlth    ++........             (no amulet)
HPRegen  0.08/turn              (no ring)
MPRegen  0.12/turn              (no ring)

@: lethally poisoned (0 -> -6)
A: distributed training, fangs 1, strong nose
a: no special abilities


You were on level 2 of the Dungeon.
You were not hungry.

You visited 1 branch of the dungeon, and saw 2 of its levels.

You collected 37 gold pieces.

Inventory:

Hand Weapons
 e - a +0 club
 g - a +0 whip (weapon)
 l - a +0 mace
Missiles
 b - 18 bolts
 h - 49 stones (quivered)
 j - 4 tomahawks
Armour
 d - a +0 robe
 k - a +0 leather armour (worn)
Wands
 a - a wand of flame (15)
Scrolls
 c - a scroll of blinking {unknown}
Potions
 i - a potion of haste {unknown}
Comestibles
 f - 3 rations


   Skills:
 + Level 0.7 Fighting
 + Level 0.7 Short Blades
 + Level 0.7 Long Blades
 + Level 0.7 Axes
 + Level 0.7 Maces & Flails
 + Level 4.5 Polearms
 + Level 0.7 Staves
 + Level 0.7 Slings
 + Level 0.7 Bows
 + Level 0.7 Crossbows
 + Level 0.7 Throwing
 + Level 0.7 Armour
 + Level 2.6 Dodging
 + Level 2.3 Stealth
 + Level 0.7 Shields
 + Level 0.7 Unarmed Combat
 + Level 7.1 Spellcasting
 + Level 0.5 Conjurations
 + Level 0.5 Hexes
 + Level 0.5 Charms
 + Level 2.1 Summonings
 + Level 0.5 Necromancy
 + Level 0.5 Translocations
 + Level 2.1 Transmutations
 + Level 0.5 Fire Magic
 + Level 0.5 Ice Magic
 + Level 0.5 Air Magic
 + Level 0.5 Earth Magic
 + Level 0.5 Poison Magic
 + Level 0.9 Invocations
 + Level 2.6 Evocations


You had 16 spell levels left.
You didn't know any spells.
Your spell library contained the following spells:

 Spells                   Type           Power        Failure   Level  Hunger
 Beastly Appendage        Tmut           ##....       8%          1    None
 Ignite Poison            Fire/Tmut/Pois #.......     34%         3    ##.....


Dungeon Overview and Level Annotations

Branches:
Dungeon (2/15)

Altars:

Annotations:
D:2 Natasha


Innate Abilities, Weirdness & Mutations

Your experience applies equally to all skills.
You have very sharp teeth.
Your uncanny sense of smell can sniff out nearby items.


Message History

The magic dart hits you!
You see here 4 tomahawks.
j - 4 tomahawks Natasha mumbles some strange words.
The kobold shouts!
The adder bites you.
You are poisoned.
The adder poisons you!
The kobold throws a stone.
The stone hits you but does no damage. Natasha casts a spell at you.
The magic dart hits you! The adder bites you.
You are more poisoned.
The adder poisons you!
* * * LOW HITPOINT WARNING * * *
You feel sick.
The kobold throws a stone.
The stone hits you.
* * * LOW HITPOINT WARNING * * *
The adder barely misses you.
Natasha stares at you and mumbles some strange words.
The magic dart hits you!
You die...

######## #########......#
###
..>.....#......#######...
........#................
.......5#.....)..........
..<..........÷÷<......#
......hS#....÷..#...>.##
.K......@.....####.....#
..####..##.##..........#
##..#.#..####.....#
##.?#).## #.....## .###.
##.##... ... !.# #.##..#
...#.#.. .......
...##.##.. ........ .
.........


You could see Natasha, an adder, a white imp and a kobold.

Vanquished Creatures
  An adder (D:2)
  A dart slug (D:1)
  A leopard gecko (D:2)
  4 bats (D:1)
  A giant cockroach (D:2)
  2 goblins (D:2)
  2 hobgoblins
  3 kobolds (D:1)
  A quokka (D:2)
  3 frilled lizards
  6 rats
25 creatures vanquished.

Notes
Turn   | Place    | Note
-------+----------+-------------------------------------------
     0 | D:1      | Tr0llz0r the Gnoll Wanderer began the quest for the Orb.
     0 | D:1      | Tr0llz0r set off with: a wand of flame (15), a potion of
                  | curing, a +0 robe, a +0 club, a ration
     0 | D:1      | Reached XP level 1. HP: 13/13 MP: 8/8
   513 | D:1      | Reached XP level 2. HP: 10/19 MP: 10/10
  1321 | D:2      | Reached XP level 3. HP: 17/25 MP: 11/11
  1628 | D:2      | Noticed Natasha
  1635 | D:2      | Killed from afar by Natasha

Skill      XL: |  1 |
---------------+----+-----
Summonings     | 2 |  2.1
Transmutations | 2 |  2.1
Fighting       | |  0.7
Short Blades   | |  0.7
Long Blades    | |  0.7
Axes           | |  0.7
Maces & Flails | |  0.7
Polearms       | |  4.5
Staves         | |  0.7
Slings         | |  0.7
Bows           | |  0.7
Crossbows      | |  0.7
Throwing       | |  0.7
Armour         | |  0.7
Dodging        | |  2.6
Stealth        | |  2.3
Shields        | |  0.7
Unarmed Combat | |  0.7
Spellcasting   | |  7.1
Conjurations   | |  0.5
Hexes          | |  0.5
Charms         | |  0.5
Necromancy     | |  0.5
Translocations | |  0.5
Fire Magic     | |  0.5
Ice Magic      | |  0.5
Air Magic      | |  0.5
Earth Magic    | |  0.5
Poison Magic   | |  0.5
Invocations    | |  0.9
Evocations     | |  2.6

Action                   || total
-------------------------++-------
Melee: Whip              ||    77
       Club              ||     5
       Bite              ||     5
  Use: Potion            ||     5
       Scroll            ||     1
 Stab: Sleeping          ||     2
  Eat: Ration            ||     1
Armor: Robe              ||     5
       Leather armour    ||    42
Dodge: Dodged            ||   119
